 Dungeon Crawl Stone Soup version 0.27.1 (webtiles) character file.

Game seed: 8421307571306929387

20 Malachi the Vexing (level 2, -1/21 HPs)
             Began as a Barachi Arcane Marksman on Aug 25, 2021.
             Slain by a jackal (2 damage)
             ... on level 1 of the Dungeon.
             The game lasted 00:00:35 (799 turns).

Malachi the Vexing (Barachi Arcane Marksman)         Turns: 799, Time: 00:00:36

Health: -1/21      AC:  2    Str: 11    XL:     2   Next: 79%
Magic:  3/3        EV: 12    Int: 13    God:
Gold:   20         SH:  0    Dex: 12    Spells: 2/3 levels left

rFire    . . .     SeeInvis .   f - +2 dagger (venom)
rCold    . . .     Faith    .   (no shield)
rNeg     . . .     Spirit   .   d - +0 robe
rPois    .         Reflect  .   (no helmet)
rElec    .         Harm     .   (no cloak)
rCorr    .         Rampage  .   (no gloves)
Will     .....                  (no boots)
Stlth    +.........             (no amulet)
HPRegen  0.07/turn              (no ring)
MPRegen  0.08/turn              (no ring)

@: slow
A: amphibious, slowness 1, strong legs 1, +LOS
a: Hop


You were on level 1 of the Dungeon.
You visited 1 branch of the dungeon, and saw 1 of its levels.

You collected 20 gold pieces.

Inventory:

Hand Weapons
 a - a +0 hand crossbow
 f - a +2 dagger of venom (weapon)
Missiles
 c - 35 bolts
Armour
 d - a +0 robe (worn)
Jewellery
 e - a ring of wizardry
Scrolls
 g - 3 scrolls of identify {unknown}
Potions
 b - a potion of curing {unknown}


   Skills:
 + Level 1.4 Fighting
 + Level 0.2 Short Blades
 + Level 2.3 Crossbows
 + Level 2.3 Dodging
 + Level 1.1 Spellcasting
 + Level 3.8 Hexes


You had 2 spell levels left.
You knew the following spells:

 Your Spells              Type           Power      Damage    Failure   Level
a - Corona                Hex            11%        N/A       6%          1

Your spell library contained the following spells:

 Spells                   Type           Power      Damage    Failure   Level
 Slow                     Hex            10%        N/A       9%          2
 Inner Flame              Hex/Fire       5%         N/A       36%         3
 Portal Projectile        Hex/Tloc       10%        N/A       36%         3
 Cause Fear               Hex            5%         N/A       50%         4
 Stone Arrow              Conj/Erth      0%         3d7       63%         3
 Animate Armour           Summ/Erth      0%         N/A       95%         4
 Lehudib's Crystal Spear  Conj/Erth      0%         10d2      100%        8


Dungeon Overview and Level Annotations

Branches:
Dungeon (1/15)

Altars:


Innate Abilities, Weirdness & Mutations

You are amphibious.
You cover ground slowly.
You can hop short distances.
You have an extended range of vision and can be seen from far away.


Message History

A jackal comes into view.
The jackal barks!
The jackal completely misses you.
You miss the jackal. The jackal bites you. x2
You closely miss the jackal. The jackal barely misses you.
You barely miss the jackal. The jackal bites you. The jackal misses you.
You hit the jackal.
The jackal is poisoned.
The jackal is severely wounded.
You hit the jackal.
The jackal is heavily wounded.
The jackal barely misses you.
You hit the jackal but do no damage.
The jackal is poisoned.
The jackal is heavily wounded.
You kill the jackal!
The jackal closely misses you.
You closely miss the jackal.
The jackal is heavily wounded.
The jackal bites you. x2
You closely miss the jackal.
The jackal is severely wounded.
The jackal bites you.
You are too injured to fight recklessly!
You are too injured to fight recklessly!
You are too injured to fight recklessly!
You hit the jackal.
You kill the jackal!
The jackal bites you.
You hit the jackal but do no damage.
The jackal is poisoned.
The jackal bites you.
* * * LOW HITPOINT WARNING * * *
You closely miss the jackal.
The jackal is heavily wounded.
The jackal bites you.
* * * LOW HITPOINT WARNING * * *
You barely miss the jackal.
The jackal is heavily wounded.
The jackal bites you.
* * * LOW HITPOINT WARNING * * *
The jackal bites you.
You die...

#.#.#...#.....# #.#
#.##..#.###.#####.#
#.......# #.......#
####..#.###.#######
#..#.....#
#.####..####### ##
#.......# ##.
######.## ##.# #@#
#.## #h# ##.# #†.
#.### .... #.#..
....# #.'.. .....#
#.#.. #...## #.###
##.## ##.# #.# #.##


You could see a jackal (very poisoned).

Vanquished Creatures
  A ball python (D:1)
  2 bats (D:1)
  An endoplasm (D:1)
  A goblin (D:1)
  6 jackals (D:1)
  2 quokkas (D:1)
  2 frilled lizards (D:1)
  A rat (D:1)
16 creatures vanquished.

Notes
Turn   | Place    | Note
-------+----------+-------------------------------------------
     0 | D:1      | Malachi the Barachi Arcane Marksman began the quest for the
                  | Orb.
     0 | D:1      | Reached XP level 1. HP: 15/15 MP: 2/2
   426 | D:1      | Reached XP level 2. HP: 20/21 MP: 3/3
   799 | D:1      | HP: 1/21 [jackal (2)]
   799 | D:1      | Slain by a jackal

Illustrated notes

Levels and vault maps discovered:
D:1:      dpeg_arrival_yet_another_circle, layout_loops_corners,
          hangedman_glass_teeth

Action                   || total
-------------------------++-------
Melee: Dagger            ||    37
 Fire: Hand crossbow     ||     7
Armor: Robe              ||     5
Dodge: Dodged            ||    23
